 Dungeon Crawl Stone Soup version 0.25-a0-365-g7600c65 (webtiles) character file.

Game seed: 15756608436157757282, levelgen mode: deterministic

127 relicbr the Stinger (level 5, -4/31 HPs)
             Began as an Octopode Venom Mage on Jan 5, 2020.
             Killed by divine providence
             ... invoked by an orc priest
              (10 damage)
             ... on level 3 of the Dungeon.
             The game lasted 00:08:38 (3049 turns).

relicbr the Stinger (Octopode Venom Mage)           Turns: 3049, Time: 00:08:38

Health: -4/31      AC:  1    Str:  8    XL:     5   Next: 11%
Magic:  6/8        EV: 13    Int: 18    God:
Gold:   95         SH:  0    Dex: 12    Spells: 4/8 levels left

rFire    . . .     SeeInvis .   b - +0 hunting sling
rCold    + . .     Gourm    .   (no shield)
rNeg     . . .     Faith    .   (helmet restricted)
rPois    .         Spirit   .   (no amulet)
rElec    .         Reflect  .   e - ring of wizardry
rCorr    .         Harm     .   f - ring of protection from cold
MR       .....                  (no ring)
Stlth    +++.......             (no ring)
HPRegen  0.10/turn              (no ring)
MPRegen  0.11/turn              (no ring)
                                (no ring)
                                (no ring)

@: lethally poisoned (-4 -> -14)
A: almost no armour, stealthy swim, amphibious, 8 rings, constrict 8, camouflage
1, gelatinous body 1
a: no special abilities


You were on level 3 of the Dungeon.
You were hungry.

You visited 1 branch of the dungeon, and saw 3 of its levels.

You collected 95 gold pieces.

Inventory:

Hand Weapons
 a - a +0 dagger
 b - a +0 hunting sling (weapon)
Missiles
 p - 23 sling bullets (quivered)
Jewellery
 e - a ring of wizardry (left tentacle)
 f - a ring of protection from cold (right tentacle)
 m - an uncursed ring of fire
Scrolls
 g - a scroll of enchant weapon {unknown}
 i - a scroll of remove curse
 j - a scroll of enchant armour {unknown}
 k - 2 scrolls of identify {unknown}
 o - a scroll of amnesia {unknown}
 r - a scroll of fear {unknown}
 s - a scroll of teleportation {unknown}
Potions
 c - a potion of brilliance {unknown}
 d - a potion of agility {unknown}
 h - a potion of mutation {unknown}
 l - a potion of flight {unknown}
 t - a potion of heal wounds {unknown}
Comestibles
 n - 6 rations


   Skills:
 + Level 0.4 Slings
 - Level 2.0 Dodging
 - Level 2.6 Stealth
 - Level 2.0 Spellcasting
 - Level 1.0 Transmutations
 * Level 6.7 Poison Magic


You had 4 spell levels left.
You knew the following spells:

 Your Spells              Type           Power        Failure   Level  Hunger
a - Sting                 Tmut/Pois      ###.         1%          1    #......
b - Mephitic Cloud        Conj/Pois/Air  #.......     9%          3    ###....

Your spell library contained the following spells:

 Spells                   Type           Power        Failure   Level  Hunger
 Poisonous Vapours        Pois/Air       ##....       2%          2    ###....
 Olgreb's Toxic Radiance  Pois           ####....     4%          4    #####..
 Ignite Poison            Fire/Tmut/Pois ##......     8%          3    ###....


Dungeon Overview and Level Annotations

Branches:
Dungeon (3/15)

Altars:
Dithmenos
Qazlal
Zin


Innate Abilities, Weirdness & Mutations

You cannot wear most types of armour.
You are very stealthy in the water. (Stealth+)
You are amphibious.
You can wear up to eight rings at the same time.
You can use your tentacles to constrict eight enemies at once.
Your skin changes colour to match your surroundings (Stealth+).
Your rubbery body absorbs attacks. (AC +1, EV +1)


Message History

You feel sick.
The kobold throws a poisoned dart.
The poisoned dart hits you!
You are lethally poisoned!
Casting: Sting (safe; 1% risk of failure)
Confirm with . or Enter, or press ? or * to list all spells.
Aiming: Sting (safe; 1% risk of failure)
Press: ? - help, Shift-Dir - straight line, f/p - orc priest
Aim: an orc priest, wielding a +0 club and wearing a cursed +0 scale mail (heavily wounded, poisoned)
The sting misses the orc priest.
You feel sick.
* * * LOW HITPOINT WARNING * * *
You feel sick.
* * * LOW HITPOINT WARNING * * *
You feel sick.
The orc priest looks satisfied for a moment.
* * * LOW HITPOINT WARNING * * *
You feel sick.
* * * LOW HITPOINT WARNING * * *
You feel sick.
The orc priest mumbles some strange prayers to Beogh against you.
Beogh smites you!
You die...

###### #...# #.# #...####
.÷...#####...########.####.......
####...............(((.[.Ko(#....
).................K##..#........[
####............K..##..#.##.#....
..##.#####...##o##..........#....
.....# #...##.####...###..# ###
#.#### #...##.####...###..# #.#
#...##.@...........# #.#
##..÷#######.##.##.## #.#####
#..)...# #...... ......#
#.#<##.### ####.#.#
.####.###.#.##.#.##### #.#
.#................)..# .
)#.##.###.####.#.###.# .#.##.#
#......#÷# #.# ......# ########.#
#.#


You could see an orc priest.

Vanquished Creatures
  3 gnolls (D:3)
  2 adders (D:3)
  A worm (D:2)
  3 dart slugs
  3 leopard geckos
  4 orcs (D:3)
  6 bats
  9 giant cockroaches
  9 goblins
  5 hobgoblins
  3 jackals (D:1)
  A ball python (D:1)
  4 frilled lizards
  4 kobolds
  6 rats
63 creatures vanquished.

Notes
Turn   | Place    | Note
-------+----------+-------------------------------------------
     0 | D:1      | relicbr the Octopode Venom Mage began the quest for the
                  | Orb.
     0 | D:1      | Reached XP level 1. HP: 11/11 MP: 3/3
   109 | D:1      | Reached skill level 4 in Poison Magic
   144 | D:1      | Reached XP level 2. HP: 11/17 MP: 0/5
   653 | D:1      | Reached skill level 5 in Poison Magic
   653 | D:1      | Reached XP level 3. HP: 21/21 MP: 3/6
  1176 | D:1      | Learned a level 3 spell: Mephitic Cloud
  1334 | D:2      | Found a glowing silver altar of Zin.
  1334 | D:2      | Noticed an angel
  1631 | D:2      | Found a shadowy altar of Dithmenos.
  1892 | D:3      | Reached XP level 4. HP: 23/27 MP: 5/7
  2014 | D:3      | Found a stormy altar of Qazlal.
  2019 | D:3      | Reached skill level 6 in Poison Magic
  2670 | D:3      | HP: 1/27 [gnoll/+0 spear (5)]
  2678 | D:3      | HP: 1/27 [gnoll/+0 spear (1)]
  2679 | D:3      | Reached XP level 5. HP: 1/31 MP: 0/8
  3049 | D:3      | Killed from afar by an orc priest

Levels and vault maps discovered:
D:1:      dpeg_arrival_connections, layout_loops_ring
D:2:      layout_loops_ring, grunt_dithmenos_smoke, zin_angel, first_ration
D:3:      layout_loops_cross, overflow_temple_1_default, minmay_misc_feat_x

Skill      XL: |  1  2  3  4 |
---------------+-------------+-----
Poison Magic   | 4 5 6 |  6.7
Slings         | |  0.4
Dodging        | |  2.0
Stealth        | |  2.6
Spellcasting   | |  2.0
Transmutations | |  1.0

Action                   |  1- 3 |  4- 6 || total
-------------------------+-------+-------++-------
Melee: Unarmed           |    14 |       ||    14
       Constrict         |    13 |     8 ||    21
       Tentacles         |     8 |     2 ||    10
       Dagger            |    26 |    16 ||    42
 Fire: Hunting sling     |     4 |    24 ||    28
 Cast: Sting             |    45 |    29 ||    74
       Mephitic Cloud    |       |     1 ||     1
  Use: Scroll            |     2 |       ||     2
 Stab: Sleeping          |     5 |     2 ||     7
  Eat: Chunk             |     3 |     4 ||     7
Armor: Skin              |     4 |     2 ||     6
Dodge: Dodged            |    31 |    19 ||    50

Table legend:
 A = Non-vault XP
 B = Vault XP
 C = Vault XP percentage of total XP
 D = Non-vault monster count
 E = Vault monster count
 F = Vault count percentage of total count
                 A         B        C        D         E       F
            +---------+---------+-------+---------+---------+-------
      Total |     182 |       0 |   0.0 |      63 |       0 |   0.0
            +---------+---------+-------+---------+---------+-------
        D:1 |      53 |       0 |   0.0 |      28 |       0 |   0.0
        D:2 |      18 |       0 |   0.0 |       9 |       0 |   0.0
        D:3 |     111 |       0 |   0.0 |      26 |       0 |   0.0
            +---------+---------+-------+---------+---------+-------
